 Dungeon Crawl Stone Soup version 0.30-a0-341-g682706514a (webtiles) character file.

Game seed: 6296776977105929196

1099 p00ps00p the Fighter (level 8, -15/72 (79) HPs)
             Began as a Hill Orc Fighter on Nov 1, 2022.
             Demolished by a wight
             ... wielding a +2 scimitar
              (17 damage)
             ... on level 7 of the Dungeon.
             The game lasted 00:15:03 (6190 turns).

p00ps00p the Fighter (Hill Orc Fighter)             Turns: 6190, Time: 00:15:04

HP:   -15/72 (79)   AC:  1    Str: 19    XL:     8   Next: 32%
MP:   8/8           EV:  9    Int:  6    God:
Gold: 484           SH: 11    Dex: 16    Spells: 7/7 levels left

rFire   . . .      SeeInvis .    a - +2 war axe (freeze)
rCold   . . .      Faith    .    c - +1 buckler
rNeg    . . .      Spirit   .    b - +0 scale mail
rPois   .          Reflect  +    (no helmet)
rElec   .          Harm     .    (no cloak)
rCorr   +          Rampage  .    (no gloves)
Will    .....                    t - +1 pair of boots of the Valley of Death {Fly Int-2 Dex+4}
Stlth   ..........               w - amulet of reflection
HPRegen 0.32/turn                u - ring of resist corrosion
MPRegen 0.11/turn                (no ring)

@: about to teleport, corroded, flying, drained
A: no striking features
a: no special abilities


You were on level 7 of the Dungeon.
You visited 2 branches of the dungeon, and saw 8 of its levels.

You collected 484 gold pieces.

Inventory:

Hand Weapons
 a - a +2 war axe of freezing (weapon)
 s - a +3 mace of protection
Missiles
 n - 5 poisoned darts (quivered)
Armour
 b - a +0 scale mail (worn)
 c - a +1 buckler (worn)
 t - the +1 pair of boots of the Valley of Death (worn) {Fly Int-2 Dex+4}
   (You found it on level 5 of the Dungeon)

   Int:       It affects your intelligence (-2).
   Dex:       It affects your dexterity (+4).
   Fly:       It grants you flight.
 B - an orb of wrath
Jewellery
 u - a ring of resist corrosion (left hand)
 w - an amulet of reflection (around neck)
Wands
 r - a wand of flame (26)
 C - a wand of roots (9)
Scrolls
 g - a scroll of fear
 k - 2 scrolls of immolation
 l - 5 scrolls of teleportation
 p - 2 scrolls of amnesia {unknown}
 v - a scroll of vulnerability {unknown}
 y - a scroll of fog
Potions
 d - a potion of might
 e - 4 potions of curing
 f - a potion of heal wounds {unknown}
 h - 3 potions of resistance
 i - a potion of flight {unknown}
 j - a potion of ambrosia {unknown}
 m - a potion of mutation {unknown}
 o - a potion of degeneration {unknown}
 q - 5 potions of brilliance
 x - a potion of attraction {unknown}
 z - a potion of lignification {unknown}
 A - a potion of haste {unknown}


   Skills:
 + Level 9.7 Fighting
 - Level 5.0 Axes
 - Level 5.0 Armour
 - Level 5.0 Shields


You had 7 spell levels left.
You didn't know any spells.
Your spell library contained the following spells:

 Spells                   Type           Power      Damage    Failure   Level
 Slow                     Hex            0%         N/A       88%         1
 Confusing Touch          Hex            0%         N/A       99%         3
 Frozen Ramparts          Ice            0%         1d1       99%         3
 Ozocubu's Armour         Ice            0%         N/A       99%         3
 Vampiric Draining        Necr           0%         2d6       99%         3
 Ice Form                 Ice/Tmut       0%         N/A       100%        4
 Summon Ice Beast         Ice/Summ       0%         N/A       100%        4
 Metabolic Englaciation   Hex/Ice        0%         N/A       100%        5
 Simulacrum               Ice/Necr       0%         N/A       100%        6
 Ozocubu's Refrigeration  Ice            0%         4d7       100%        7


Dungeon Overview and Level Annotations

Branches:
Dungeon (7/15)             Temple (1/1) D:4

Altars:
Ashenzari
Cheibriados
Dithmenos
Elyvilon
Fedhas
Kikubaaqudgha
Makhleb
Nemelex Xobeh
Okawaru
Ru
Sif Muna
Trog
Uskayaw
Wu Jian
Xom
Yredelemnul
Zin

Shops:
D:4 ?   D:5 *


Message History

The wight is heavily damaged.
You hit the wight. You slash the jelly! You freeze the jelly.
You kill the jelly!
The wight hits you with a +2 scimitar! The wight barely misses you.
You hit the wight.
The wight is severely damaged.
You closely miss the wight. The wight barely misses you.
The wight completely misses you. You block the wight's attack.
The wight hits you with a +2 scimitar.
You closely miss the wight.
The wight is severely damaged.
You closely miss the wight. You block the wight's attack.
The wight closely misses you.
You barely miss the wight.
The wight is severely damaged.
You hit the wight but do no damage. You block the wight's attack.
The wight barely misses you.
You hit the wight but do no damage.
The wight is severely damaged.
You closely miss the wight. The wight hits you with a +2 scimitar!
You block the wight's attack. The wight hits you with a +0 battleaxe.
You feel drained. The wight barely misses you.
You closely miss the wight.
The wight is severely damaged.
You closely miss the wight. The wight hits you with a +2 scimitar!
* * * LOW HITPOINT WARNING * * *
You feel drained. The wight hits you with a +0 battleaxe!
* * * LOW HITPOINT WARNING * * *
You can't see any enemies this would affect, really read the scroll of fear?
Okay, then.
As you read the scroll of teleportation, it crumbles to dust.
You feel strangely unstable. You block the wight's attack.
The wight hits you with a +0 battleaxe!
* * * LOW HITPOINT WARNING * * *
You feel drained.
* * * LOW HITPOINT WARNING * * *
The wight attacks as you move away! You block the wight's attack.
Found a scale mail.
The wight attacks as you move away! The wight hits you with a +2 scimitar!
You die...

#..##### ..# #.### #####
.....#. ..# #.# ....##.#
..#[ #.# #.# ###..#8# ._
_..#8# ##..############ ##
###8#.._#_..#8# .##
#.#...#...#.# .. ..#
#.....#.....#####.... #.#
##..#####/.@z........
#.#####...8#8....z$####...
........#...######..###
.####.##...## ##.).#
.####.....### ###.##
........#...###### #..###
.########........##
##...## ..## ###.####..#
###..#### .(.### #.#
##.#######....####


You could see 2 wights.

Vanquished Creatures
  A wyvern (D:7)
  A black bear (D:4)
  A sky beast (D:7)
  An ogre (D:5)
  2 scorpions
  A necrophage (D:6)
  A hound (D:6)
  4 jellies
  A gnoll bouda (D:6)
  2 iguanas
  3 orc wizards
  Terence (D:3)
  4 gnolls (D:6)
  3 adders
  2 white imps
  An ufetubus (D:5)
  A worm (D:2)
  2 dart slugs
  24 orcs
  5 ball pythons
  4 endoplasms
  A giant cockroach (D:2)
  8 goblins
  3 hobgoblins
  5 kobolds
  2 quokkas (D:5)
  4 bats
  3 frilled lizards
  6 rats
97 creatures vanquished.

Vanquished Creatures (others)
  2 fungi (D:2)
2 creatures vanquished.

Grand Total: 99 creatures vanquished

Notes
Turn   | Place    | Note
-------+----------+-------------------------------------------
     0 | D:1      | p00ps00p the Hill Orc Fighter began the quest for the Orb.
     0 | D:1      | Reached XP level 1. HP: 19/19 MP: 1/1
   563 | D:1      | Reached XP level 2. HP: 21/27 MP: 2/2
  1160 | D:2      | Found a faded altar of an unknown god.
  1247 | D:2      | Reached skill level 4 in Fighting
  1254 | D:2      | Reached XP level 3. HP: 27/33 MP: 3/3
  1820 | D:3      | Reached XP level 4. HP: 31/40 MP: 4/4
  1938 | D:3      | Noticed Terence
  2004 | D:3      | Killed Terence
  2439 | D:3      | Reached XP level 5. HP: 47/47 MP: 5/5
  2534 | D:4      | Found an ancient bone altar of Kikubaaqudgha.
  3024 | D:4      | Found a glowing silver altar of Zin.
  3024 | D:4      | Found a burning altar of Makhleb.
  3025 | D:4      | Noticed an Executioner
  3025 | D:4      | Noticed an angel
  3170 | D:4      | Found Kuxyhoxo's Magic Scroll Shoppe.
  3237 | D:4      | Found a staircase to the Ecumenical Temple.
  3299 | Temple   | Entered the Ecumenical Temple
  3299 | Temple   | Found a transporter.
  3299 | Temple   | Found a transporter.
  3301 | Temple   | Found a transporter.
  3301 | Temple   | Found a transporter.
  3532 | D:4      | Noticed a black bear
  3543 | D:4      | Killed a black bear
  3544 | D:4      | Reached skill level 5 in Fighting
  3544 | D:4      | Reached XP level 6. HP: 45/56 MP: 6/6
  3834 | D:4      | Reached skill level 5 in Axes
  4013 | D:5      | Entered Level 5 of the Dungeon
  4117 | D:5      | Reached skill level 6 in Fighting
  4117 | D:5      | Reached skill level 5 in Armour
  4117 | D:5      | Reached skill level 5 in Shields
  4117 | D:5      | Reached XP level 7. HP: 19/63 MP: 7/7
  4333 | D:5      | Found Zuotsecs's General Store.
  4524 | D:5      | Identified the +1 pair of boots of the Valley of Death {Fly
                  | Int-2 Dex+4}
  4987 | D:6      | Noticed a steam dragon
  5378 | D:6      | Reached skill level 7 in Fighting
  5492 | D:6      | Found a white marble altar of Elyvilon.
  5762 | D:7      | Reached skill level 8 in Fighting
  5842 | D:7      | Noticed a wyvern
  5849 | D:7      | Killed a wyvern
  5850 | D:7      | Reached skill level 9 in Fighting
  5850 | D:7      | Reached XP level 8. HP: 47/78 MP: 8/8
  6123 | D:7      | Found a blossoming altar of Fedhas.
  6123 | D:7      | Found an iron altar of Okawaru.
  6124 | D:7      | Found a shimmering blue altar of Sif Muna.
  6174 | D:7      | Found a bloodstained altar of Trog.
  6188 | D:7      | HP: 2/72 [wight/+0 battleaxe (2)]
  6190 | D:7      | Demolished by a wight

Illustrated notes

Levels and vault maps discovered:
D:1:      amcnicky_arrival_underground_garden, layout_loops_corners,
          minmay_stone_trees_medium, item_on_display_a
D:2:      layout_loops_ring, dreamdust_ecumenical_altar_grove,
          minmay_fractal_squares_5
D:3:      layout_rooms, uniq_terence
D:4:      layout_cave_pods, grunt_temple_overflow_order_and_chaos_2,
          nicolae_kikubaaqudgha_miasma_corner,
          minmay_temple_entry_statues_fountains, serial_shops, shop
D:5:      layout_cave_pods, serial_shops, nicolae_shop_statue_plus
D:6:      layout_basic, amcnicky_altar_gilded
D:7:      layout_rooms, nicolae_overflow_quartered_altars
Temple:   hellmonk_temple_divided_pantheon

Skill      XL: |  1  2  3  4  5  6  7 |
---------------+----------------------+-----
Axes           | 3 4 5 |  5.0
Fighting       | 4 5 6 9 |  9.7
Armour         | 4 5 |  5.0
Shields        | 4 5 |  5.0

Action                   |  1- 3 |  4- 6 |  7- 9 || total
-------------------------+-------+-------+-------++-------
Melee: War axe           |    76 |   107 |    93 ||   276
Evoke: Wand              |       |    11 |     4 ||    15
  Use: Scroll            |     4 |    12 |     4 ||    20
       Potion            |       |     2 |       ||     2
Armor: Scale mail        |    31 |    46 |    27 ||   104
Dodge: Dodged            |    41 |    55 |    35 ||   131
Block: Buckler           |    26 |    40 |    50 ||   116
       Reflection        |       |       |     1 ||     1

Table legend: (Time is in decaauts)
 A = Elapsed time spent in this place.
 B = Non-inter-level travel time spent in this place.
 C = Inter-level travel time spent in this place.
 D = Time resting spent in this place.
 E = Time spent auto-exploring this place.
 F = Levels seen in this place.
 G = Mean time per level.
                   A        B        C        D        E       F      G
               +--------+--------+--------+--------+--------+-----+--------+
         Total |   6279 |   6120 |    159 |   1331 |   3569 |   8 |  784.9 |
       Dungeon |   6240 |   6091 |    149 |   1331 |   3563 |   7 |  891.4 |
        Temple |     38 |     28 |     10 |      0 |      6 |   1 |   38.0 |
               +--------+--------+--------+--------+--------+-----+--------+

Top non-repeatable levels by time:
     D:4: 1461 daAuts
     D:5: 1113 daAuts
     D:1: 1107 daAuts
     D:3: 773 daAuts
     D:2: 690 daAuts
     D:6: 627 daAuts
     D:7: 466 daAuts
  Temple: 38 daAuts
